 Dungeon Crawl Stone Soup version 0.30-b1-2-g02819fbbbe (webtiles) character file.

Game seed: 13111330008598361049

31 Alarkh the Slasher (level 3, 27/27 HPs)
             Began as a Demonspawn Warper on May 23, 2023.
             Got out of the dungeon alive.
             The game lasted 00:01:38 (1032 turns).

Alarkh the Slasher (Demonspawn Warper)              Turns: 1032, Time: 00:01:38

Health: 27/27      AC:  3    Str: 11    XL:     3   Next: 7%
Magic:  6/6        EV: 11    Int: 16    God:
Gold:   56         SH:  0    Dex: 12    Spells: 2/6 levels left

rFire   . . .        a - +0 falchion
rCold   . . .        (no shield)
rNeg    . . .        b - +0 leather armour
rPois   .            (helmet restricted)
rElec   .            (no cloak)
rCorr   .            (no gloves)
SInv    .            (no boots)
Will    .....        i - amulet of faith
Stlth   +            (no ring)
HPRegen 0.24/turn    (no ring)
MPRegen 0.10/turn

%: faith
@: no status effects
A: antennae 1, demonic magic 1
a: no special abilities


You escaped.
You visited 1 branch of the dungeon, and saw 2 of its levels.

You collected 56 gold pieces.

Inventory:

Hand Weapons
 a - a +0 falchion (weapon)
Missiles
 d - 7 boomerangs of dispersal (quivered)
Armour
 b - a +0 leather armour (worn)
 j - a +0 helmet
Jewellery
 i - an amulet of faith (around neck)
Scrolls
 c - 2 scrolls of blinking
 e - 2 scrolls of identify {unknown}
Potions
 f - 2 potions of berserk rage {unknown}
 g - a potion of cancellation {unknown}
 h - a potion of attraction {unknown}
 k - 2 potions of brilliance {unknown}


   Skills:
 - Level 2.0 Fighting
 + Level 3.2 Long Blades
 - Level 0.8 Throwing
 - Level 0.8 Armour
 - Level 1.7 Dodging
 - Level 2.0 Spellcasting
 - Level 2.6 Translocations


You had 2 spell levels left.
You knew the following spells:

 Your Spells              Type           Power      Damage    Failure   Level
a - Blink                 Tloc           20%        N/A       14%         2
b - Lesser Beckoning      Tloc           20%        N/A       14%         2

Your spell library contained the following spells:

 Spells                   Type           Power      Damage    Failure   Level
 Momentum Strike          Conj/Tloc      10%        3d8       24%         2
 Teleport Other           Tloc           10%        N/A       26%         3
 Vhi's Electric Charge    Tloc/Air       10%        N/A       43%         3
 Manifold Assault         Tloc           10%        N/A       65%         4


Dungeon Overview and Level Annotations

Branches:
Dungeon (2/15)

Altars:


Innate Abilities, Weirdness & Mutations

You have a pair of small antennae on your head.
Spells you cast may paralyse adjacent enemies.


Message History

You climb upwards.
There is a stone staircase leading down here.
You start resting.
HP restored.
You start resting.
HP restored.
You climb downwards.
The worm closely misses you.
There is a stone staircase leading up here.
You climb upwards.
There is a stone staircase leading down here.
The worm bites you!
You start resting.
HP restored.
You start resting.
A worm is nearby!
You hit the worm.
The worm is moderately wounded.
The worm barely misses you.
You hit the worm but do no damage.
The worm is moderately wounded.
You hit the worm.
The worm is heavily wounded.
The worm bites you but does no damage.
You slash the worm!
The worm is almost dead.
The worm bites you but does no damage.
You barely miss the worm.
The worm is severely wounded.
You slash the worm!
You kill the worm!
You have reached level 3!
Your experience leads to an increase in your attributes!
Increase (S)trength, (I)ntelligence, or (D)exterity?
You feel clever. x2; Your demonic ancestry asserts itself...
A pair of antennae grows on your head!
Your +0 helmet falls away!
HP restored.
There is a staircase leading out of the dungeon here.
Are you sure you want to leave the Dungeon?
This will make you lose the game!
You have escaped!

.........(###........##
########### ##.###.#..##
#.....##..##
###.#.#.###..######
#.........##......#
####.#.#.#.#.#######.#
#......#.#......# #.#
##.#.###.###.#.## #.###
#......@......# ###...##
##.#.###.###.#.###...#>..
#......#.#.........###.##
####.#.#.#.#.####### #.#
#.........# #.#
###.#.#.### #.# #.....#
#.# #.###.######### #.#
#.######......# #.#


There were no monsters in sight!

Vanquished Creatures
  A worm (D:1)
  A dart slug (D:1)
  3 ball pythons (D:1)
  An endoplasm (D:1)
  A giant cockroach (D:1)
  2 goblins (D:1)
  6 jackals (D:1)
  2 kobolds (D:1)
  A quokka (D:1)
  2 bats (D:1)
  4 frilled lizards (D:1)
24 creatures vanquished.

Notes
Turn   | Place    | Note
-------+----------+-------------------------------------------
     0 | D:1      | Alarkh the Demonspawn Warper began the quest for the Orb.
     0 | D:1      | Reached XP level 1. HP: 16/16 MP: 3/3
    58 | D:1      | Reached skill level 2 in Long Blades
   123 | D:1      | Gained mutation: Spells you cast may paralyse adjacent
                  | enemies. [demonic ancestry]
   123 | D:1      | Reached XP level 2. HP: 17/22 MP: 5/5
   330 | D:1      | Learned a level 2 spell: Blink
   333 | D:1      | Learned a level 2 spell: Lesser Beckoning
   568 | D:1      | Reached skill level 3 in Long Blades
  1007 | D:1      | Gained mutation: You have a pair of small antennae on your
                  | head. [demonic ancestry]
  1007 | D:1      | Reached XP level 3. HP: 24/27 MP: 6/6
  1032 | D:$      | Got out of the dungeon alive.

Illustrated notes

Levels and vault maps discovered:
D:1:      roderic_chinese_lattice_arrival, layout_basic,
          chequers_decorated_corner, kennysheep_small_spiral, minmay_cut_off
D:2:      layout_basic, uniq_robin

Skill      XL: |  1  2 |
---------------+-------+-----
Long Blades    | 2 3 |  3.2
Fighting       | |  2.0
Throwing       | |  0.8
Armour         | |  0.8
Dodging        | |  1.7
Spellcasting   | |  2.0
Translocations | |  2.6

Action                     || total
---------------------------++-------
  Melee: Falchion          ||    97
         Punch             ||     1
 Armour: Leather armour    ||    28
  Dodge: Dodged            ||    59
